Map: Orbital Shipyard

Players

Dyce

  • Race: Terran Terran

MorN - Winner!

  • Race: Terran Terran

VOD

Have the link to the VOD?

Description

Time

  • Played on: Nov. 16, 2015, 10:32 p.m.
  • Length: 11:51
Show
View Real Time Build Order
Export as new Build Order

Dyce Terran 

Build Orders: Reaper Expand, Bio Tank, MMM Bio 

Get SALT Encoding   

  12  0:01  SCV  
  13  0:13  SCV  
  14  0:19  Supply Depot  
  14  0:25  SCV  
  15  0:41  SCV, Barracks  
  16  0:45  Refinery  
  16  0:53  SCV  
  17  1:05  SCV  
  18  1:17  SCV  
  19  1:30  Reaper, Orbital Command  
  20  1:40  Command Center  
  20  1:49  Supply Depot  
  20  1:55  SCV  
  21  2:07  Factory  
  21  2:09  Marine  
  21  2:10  SCV  
  23  2:23  SCV  
  23  2:26  Marine  
  25  2:30  Barracks  
  25  2:31  Barracks  
  25  2:49  Barracks Tech Lab  
  25  2:51  SCV  
  25  2:53  Orbital Command  
  25  2:54  Refinery  
  26  3:03  SCV  
  27  3:08  Marine  
  28  3:13  Starport  
  28  3:15  SCV  
  28  3:19  Marine x2  
  31  3:26  Stimpack, Marine  
  32  3:27  SCV  
  32  3:28  SCV  
  34  3:38  Marine x2  
  36  3:44  Marine  
  36  3:47  SCV x2  
  39  3:50  Medivac  
  41  3:57  Marine  
  41  3:58  Marine  
  41  3:59  SCV x2  
  41  4:01  Refinery  
  41  4:02  Marine  
  46  4:17  Supply Depot  
  46  4:18  SCV x2  
  46  4:19  Factory Tech Lab, Barracks Reactor, Supply Depot  
  46  4:20  Barracks Reactor  
  48  4:29  Marine  
  48  4:30  SCV x2  
  51  4:32  Medivac  
  51  4:37  Engineering Bay  
  53  4:39  Supply Depot  
  53  4:42  SCV x2  
  55  4:48  Siege Tank, Marine  
  59  4:59  SCV x2, Marine x3  
  60  5:08  Missile Turret  
  34  5:37  SCV  
  34  5:38  SCV, Marine x5  
  34  5:39  Medivac  
  43  5:43  Missile Turret  
  43  5:45  Siege Tank  
  43  5:49  SCV  
  47  5:50  SCV  
  47  5:51  Terran Infantry Weapons Level 1  
  48  5:57  Marine  
  48  5:58  Marine x3  
  48  5:59  Combat Shields, Marine  
  48  6:02  SCV  
  54  6:09  Medivac  
  56  6:15  Marine x2  
  56  6:16  Marine  
  59  6:24  SCV x2  
  61  6:36  SCV x2  
  61  6:38  Marine x3  
  61  6:39  Marine x2  
  68  6:43  Siege Tank  
  71  6:53  SCV x2  
  73  7:05  SCV  
  71  7:15  Marine  
  71  7:16  Marine x4  
  71  7:22  Command Center  
  76  7:23  SCV x2  
  78  7:37  Missile Turret  
  78  7:50  Supply Depot, Siege Tank, Marine x5  
  86  7:53  Supply Depot  
  83  8:08  Marine  
  83  8:10  Marine  
  83  8:11  Marine x3  
  83  8:12  Terran Infantry Armor Level 1  
  74  8:16  Armory  
  66  8:20  Factory  
  66  8:26  Siege Tank, Marine  
  64  8:27  Medivac  
  64  8:28  Marine  
  67  8:35  Orbital Command  
  67  8:37  SCV x2  
  69  8:45  Marine  
  69  8:46  Engineering Bay, Marine x3  
  73  8:49  SCV, Marine  
  75  8:59  SCV, Siege Tank  
  75  9:01  SCV  
  80  9:04  Starport Reactor  
  80  9:05  Marine x2  
  82  9:11  SCV  
  82  9:12  SCV  
  82  9:13  SCV  
  82  9:14  Factory Tech Lab  
  85  9:22  Marine x3  
  85  9:23  SCV, Marine  
  90  9:25  SCV  
  90  9:30  Barracks  
  90  9:31  Siege Tank  
  94  9:32  Barracks  
  94  9:36  Starport x2  
  94  9:37  SCV x2  
  96  9:39  Refinery  
  96  9:40  SCV, Refinery  
  96  9:42  Refinery  
  97  9:49  SCV x2  
  97  9:50  Marine  
  97  9:51  Marine x3  
  103  9:54  Medivac x2  
  103  9:57  SCV  
  108  10:01  SCV x2  
  108  10:02  Supply Depot  
  108  10:03  Supply Depot  
  108  10:05  Supply Depot  
  110  10:10  SCV  
  110  10:13  SCV x2  
  113  10:17  Starport Tech Lab x2  
  113  10:19  Barracks Reactor x2  
  113  10:20  Marine x2  
  113  10:21  Marine x3  
  82  10:38  Marine x4  
  79  10:58  Marine  
  79  10:59  Marine x8  
  82  11:16  Marine x3  
  76  11:27  SCV, Marine x6  
  76  11:30  Factory Tech Lab  
  90  11:39  Fusion Core  
Show
View Real Time Build Order
Export as new Build Order

MorN Terran - Winner!

Build Orders: Bio Tank, Banshee Rush 

Get SALT Encoding   

  12  0:00  SCV  
  13  0:13  SCV  
  14  0:17  Supply Depot  
  14  0:25  SCV  
  14  0:27  Refinery  
  15  0:39  SCV  
  16  0:45  Barracks  
  16  0:51  SCV  
  17  1:04  SCV  
  18  1:16  SCV  
  19  1:32  Marine  
  19  1:33  Orbital Command  
  20  1:45  Command Center  
  20  1:50  Marine  
  21  1:57  Factory  
  21  1:59  SCV  
  22  2:10  Marine  
  22  2:13  Supply Depot  
  23  2:16  Refinery  
  23  2:34  SCV, Marine  
  24  2:46  Starport  
  24  2:52  SCV  
  25  2:59  Orbital Command  
  25  3:01  Factory Tech Lab  
  25  3:04  SCV  
  26  3:07  Marine  
  27  3:16  SCV  
  27  3:19  Engineering Bay  
  28  3:25  SCV  
  29  3:28  SCV  
  29  3:29  Banshee, Cloaking Field  
  33  3:34  Factory Reactor  
  33  3:37  SCV, Marine  
  33  3:40  SCV  
  36  3:47  Supply Depot  
  36  3:49  SCV  
  36  3:52  Missile Turret  
  36  3:54  SCV  
  38  3:56  Marine  
  38  4:01  SCV  
  40  4:06  SCV  
  41  4:11  Raven  
  41  4:13  SCV  
  43  4:18  SCV  
  43  4:24  Factory Tech Lab  
  44  4:25  SCV  
  44  4:28  Supply Depot  
  44  4:30  SCV  
  44  4:31  Marine x2  
  48  4:43  Siege Tank  
  51  4:45  SCV  
  51  4:51  Marine x2  
  54  4:53  Supply Depot  
  54  5:03  Command Center  
  54  5:06  SCV  
  49  5:28  SCV  
  46  5:32  SCV  
  47  5:38  Barracks  
  47  5:39  Barracks  
  47  5:42  SCV  
  45  5:43  Barracks  
  45  5:44  SCV  
  45  5:46  Starport Reactor  
  45  5:48  Marine  
  45  5:49  Stimpack  
  47  5:50  Siege Tank  
  47  5:54  SCV  
  47  5:55  Terran Infantry Weapons Level 1  
  47  5:56  SCV  
  52  5:59  Supply Depot  
  52  6:06  SCV  
  52  6:08  SCV, Barracks x2  
  52  6:10  Refinery  
  52  6:11  Supply Depot, Refinery  
  54  6:12  Missile Turret  
  54  6:13  Marine  
  54  6:16  Orbital Command  
  54  6:18  SCV  
  56  6:20  Supply Depot  
  56  6:24  Siege Tank  
  59  6:26  Medivac  
  59  6:31  Marine  
  62  6:33  SCV  
  62  6:36  Barracks Reactor, Marine x2  
  65  6:45  Medivac  
  67  6:49  Marine  
  67  6:52  Supply Depot  
  68  6:54  Marine x2  
  70  7:06  Marine  
  71  7:10  Marine  
  71  7:12  Medivac  
  71  7:13  Marine x3  
  71  7:14  Marine  
  71  7:15  Medivac  
  81  7:17  Barracks  
  81  7:19  Barracks  
  81  7:20  SCV, Barracks  
  81  7:21  Supply Depot  
  81  7:22  Supply Depot  
  82  7:24  Barracks Reactor, Marine  
  82  7:28  Marine  
  83  7:31  Marine x4  
  87  7:42  Marine  
  87  7:46  Marine  
  87  7:49  Combat Shields  
  88  7:57  Marine x4  
  92  7:58  Orbital Command  
  92  8:00  Marine  
  92  8:04  Marine  
  89  8:06  Marine x2  
  84  8:15  Marine x4  
  85  8:25  Barracks Reactor  
  85  8:26  Marine x5  
  86  8:27  Siege Tank, Medivac  
  86  8:31  SCV  
  86  8:32  SCV  
  93  8:34  Marine x3  
  93  8:35  Marine  
  93  8:39  Terran Infantry Armor Level 1  
  93  8:41  Barracks Reactor  
  96  8:43  Marine x2  
  96  8:44  Engineering Bay, Marine x3  
  96  8:45  Armory  
  96  8:47  SCV  
  96  8:48  SCV, Supply Depot x2  
  103  8:50  Supply Depot  
  103  8:51  SCV  
  103  8:52  Marine x3  
  103  8:55  Marine  
  108  8:59  Siege Tank, Medivac x2  
  108  9:01  Marine x3  
  118  9:03  Barracks Reactor  
  118  9:10  Marine  
  118  9:11  Marine x3  
  118  9:14  Supply Depot, SCV x2  
  118  9:16  Supply Depot, Marine x2  
  127  9:17  Marine x2  
  127  9:19  Barracks Reactor, Marine x2  
  127  9:22  Refinery  
  127  9:23  SCV, Refinery, Supply Depot  
  131  9:26  SCV  
  131  9:27  Marine  
  131  9:28  Marine  
  131  9:29  SCV  
  138  9:31  Siege Tank  
  138  9:40  Marine x3  
  138  9:41  Marine x6  
  138  9:45  Marine  
  147  9:46  SCV  
  147  9:50  SCV  
  147  9:51  SCV  
  151  9:58  SCV  
  152  10:02  Marine  
  152  10:03  SCV x2, Siege Tank, Marine x2  
  152  10:06  Marine x3  
  163  10:07  Marine x6  
  163  10:10  SCV  
  170  10:15  SCV  
  170  10:23  Marine x3  
  170  10:24  Marine x2  
  156  10:30  Marine x3  
  156  10:31  Marauder  
  156  10:33  Marine  
  156  10:34  Marine x2  
  148  10:43  Marine x4  
  148  10:44  Siege Tank, Medivac  
  148  10:48  Marine  
  158  10:51  Marine x2  
  158  10:52  Marauder  
  158  10:55  Marine  
  158  10:56  Supply Depot  
  153  10:58  Marine x2  
  153  11:03  Marine x2  
  155  11:09  Marine  
  155  11:10  Marine  
  155  11:14  Marine, Marauder  
  152  11:20  Marine  
  152  11:26  Marine x3  
  152  11:27  SCV  
Tags
 
Add a new tag
Caveats
  • Supply blocks, unpowered buildings, or Contaminate may cause inaccurate times.
  • Supply counts are checked every 10 seconds.